 Dungeon Crawl Stone Soup version 0.28.0 (webtiles) character file.

Game seed: 6871799146148604597

3 croobank the Vexing (level 1, 0/18 HPs)
             Began as a Deep Dwarf Arcane Marksman on Feb 13, 2022.
             Slain by a jackal (1 damage)
             ... on level 3 of the Dungeon.
             The game lasted 00:03:01 (229 turns).

croobank the Vexing (Deep Dwarf Arcane Marksman)     Turns: 229, Time: 00:03:03

Health: 0/18       AC:  2    Str: 13    XL:     1   Next: 41%
Magic:  2/2        EV:  9    Int: 13    God:
Gold:   116        SH:  0    Dex: 13    Spells: 1/2 levels left

rFire   . . .      SeeInvis .   (no weapon)
rCold   . . .      Faith    .   (no shield)
rNeg    . . .      Spirit   .   d - +0 robe
rPois   .          Reflect  .   (no helmet)
rElec   .          Harm     .   (no cloak)
rCorr   .          Rampage  .   (no gloves)
Will    .....                   (no boots)
Stlth   +.........              (no amulet)
HPRegen 0.00/turn               (no ring)
MPRegen 0.08/turn               (no ring)

@: constricted
A: damage resistance, heal wounds, sense surroundings 1, no regeneration
a: Heal Wounds


You were on level 3 of the Dungeon.
You visited 1 branch of the dungeon, and saw 3 of its levels.

You collected 116 gold pieces.

Inventory:

Hand Weapons
 a - a +0 hunting sling
Missiles
 c - 20 sling bullets
Armour
 d - a +0 robe (worn)


   Skills:
 + Level 1.0 Fighting
 + Level 2.2 Slings
 + Level 2.2 Dodging
 + Level 1.0 Spellcasting
 + Level 2.4 Hexes


You had one spell level left.
You knew the following spells:

 Your Spells              Type           Power      Damage    Failure   Level
a - Slow                  Hex            28%        N/A       11%         1

Your spell library contained the following spells:

 Spells                   Type           Power      Damage    Failure   Level
 Inner Flame              Hex/Fire       3%         N/A       45%         3
 Portal Projectile        Hex/Tloc       6%         N/A       45%         3
 Cause Fear               Hex            3%         N/A       71%         4


Dungeon Overview and Level Annotations

Branches:
Dungeon (3/15)

Altars:


Innate Abilities, Weirdness & Mutations

You are resistant to damage.
You can heal yourself by infusing magical energy.
You passively map a small area around you.
You do not regenerate.


Message History

You aren't carrying any scrolls.
You escape the ball python's grasp.
A kobold comes into view. It is wielding a +0 whip.
The kobold shouts!
The orc wizard casts a spell.
The orc wizard flickers and vanishes!
Deactivating autopickup; reactivate with Ctrl-A.
The kobold misses you.
A jackal comes into view.
The jackal barks!
You hear a bark!
A jackal comes into view.
You completely miss the jackal.
The ball python bites you but does no damage.
The ball python misses you. The jackal misses you.
The jackal barks!
You hit the jackal.
The jackal is severely wounded.
The ball python closely misses you. The ball python barely misses you.
The jackal barely misses you.
The ball python bites you but does no damage.
The ball python barely misses you.
You hit the jackal.
The jackal is almost dead.
The jackal barely misses you. The ball python misses you.
The ball python barely misses you. The jackal closely misses you.
You hit the jackal.
You kill the jackal!
The ball python bites you. The ball python completely misses you.
The jackal barely misses you.
Your Fighting skill increases to level 1!
You barely miss the jackal. The ball python closely misses you.
The ball python grabs you. The ball python constricts you.
The jackal bites you.
You hit the jackal.
The jackal is heavily wounded.
The jackal bites you.
* * * LOW HITPOINT WARNING * * *
The ball python barely misses you. The ball python constricts you.
The jackal bites you.
You die...

* , #.♣...>...♣.#
#########.........#* ,
.... ..##.♣{..♣.##### ,
#.#...#.##.go........#
,
......#.##<#.o...###.##
,, #....g{..#.#.#.#
#... .
#####K####..##oo##.##
,....####S# #o##...o..#
#.....h@.# #(...o..###
#...###### #.#...#.# #
, *#.<..o?.# , .... ..$
* ,.. .... * * , * ** .
..... * , #..o## , , ,
, , , , * ,


You could see a jackal, a goblin, a ball python and a kobold.

Vanquished Creatures
  A goblin (D:1)
  A jackal (D:3)
  A bat (D:3)
3 creatures vanquished.

Vanquished Creatures (others)
  2 fungi (D:1)
2 creatures vanquished.

Grand Total: 5 creatures vanquished

Notes
Turn   | Place    | Note
-------+----------+-------------------------------------------
     0 | D:1      | croobank the Deep Dwarf Arcane Marksman began the quest for
                  | the Orb.
     0 | D:1      | Reached XP level 1. HP: 16/16 MP: 2/2
   136 | D:1      | You fall into a shaft and drop 1 floor!
   202 | D:3      | Noticed an orc wizard
   211 | D:3      | Noticed an orc priest
   228 | D:3      | Reached skill level 1 in Fighting
   229 | D:3      | Slain by a jackal

Illustrated notes

Levels and vault maps discovered:
D:1:      minmay_arrival_floating_metal, layout_basic, serial_curves,
          eino_curves_01, eino_curves_02,
          hellmonk_ecumenical_altar_heavens_door, minmay_gold_behind_fungi,
          hangedman_decor_slide_cut, minmay_rat_gold_closets
D:2:      kennysheep_the_goblin_king, layout_basic, serial_shops,
          nicolae_shop_behind_doors
D:3:      layout_loops_cross, serial_shops, shop, grunt_ministairs_2,
          serial_park_tiny_pond

Skill      XL: |  1 |
---------------+----+-----
Fighting       | 1 |  1.0
Slings         | |  2.2
Dodging        | |  2.2
Spellcasting   | |  1.0
Hexes          | |  2.4

Action                   || total
-------------------------++-------
Melee: Unarmed           ||    23
       Hunting sling     ||    14
       Punch             ||     1
 Fire: Hunting sling     ||     1
Armor: Robe              ||     9
Dodge: Dodged            ||    41
